 Dungeon Crawl Stone Soup version 0.27-a0-1149-g4505690ab0 (webtiles) character file.

Game seed: 9040568041835345867

13083 dkvnfld the Geomancer (level 12, -1/71 HPs)
             Began as a Gargoyle Earth Elementalist on May 13, 2021.
             Was a Believer of Vehumet.
             Slain by a boulder beetle (20 damage)
             ... on level 10 of the Dungeon.
             The game lasted 00:26:15 (12084 turns).

dkvnfld the Geomancer (GrEE)                       Turns: 12084, Time: 00:26:16

Health: -1/71      AC: 21    Str: 11    XL:     12   Next: 2%
Magic:  21/32      EV: 17    Int: 22    God:    Vehumet [**....]
Gold:   812        SH:  0    Dex: 10    Spells: 16/26 levels left

rFire    . . .     SeeInvis .   o - +3 flail (freeze)
rCold    . . .     Faith    .   (no shield)
rNeg     + . .     Spirit   .   y - +0 steam dragon scales
rPois    ∞         Reflect  .   (no helmet)
rElec    +         Harm     .   j - +2 cloak
rCorr    .         Rampage  .   v - +1 pair of gloves
Will     .....                  x - +0 pair of boots
Stlth    ++........             (no amulet)
HPRegen  0.21/turn              a - +4 ring of evasion
MPRegen  0.23/turn              d - ring of magical power

@: flying, very slightly contaminated, invisible
A: sickness immunity, AC +8, negative energy resistance 1, electricity
resistance, torment resistance 1, petrification resistance
a: Renounce Religion


You were on level 10 of the Dungeon.
You worshipped Vehumet.
Vehumet was pleased with you.
You visited 2 branches of the dungeon, and saw 11 of its levels.

You collected 812 gold pieces.

Inventory:

Hand Weapons
 m - a +2 flail of freezing
 o - a +3 flail of freezing (weapon)
Missiles
 b - 132 stones
 p - a throwing net
Armour
 j - a +2 cloak (worn)
 v - a +1 pair of gloves (worn)
 x - a +0 pair of boots (worn)
 y - +0 steam dragon scales (worn)
Jewellery
 a - a +4 ring of evasion (left hand)
 d - a ring of magical power (right hand)
 z - a +4 ring of evasion
 C - a ring of protection from fire
Wands
 u - a wand of flame (8)
Scrolls
 f - 3 scrolls of teleportation
 r - a scroll of fear
Potions
 c - a potion of ambrosia {unknown}
 e - a potion of attraction {unknown}
 g - a potion of berserk rage
 h - a potion of lignification {unknown}
 i - 3 potions of curing
 k - a potion of heal wounds
 l - 3 potions of invisibility
 n - 5 potions of haste
 q - 2 potions of flight
 s - a potion of brilliance
 t - a potion of might {unknown}
 w - a potion of degeneration {unknown}
 A - a potion of resistance {unknown}
 B - a potion of cancellation {unknown}
 D - a potion of magic {unknown}


   Skills:
 + Level 6.8 Fighting
 + Level 6.1 Maces & Flails
 - Level 6.0 Armour
 + Level 5.5 Dodging
 - Level 2.1 Stealth
 + Level 7.8 Spellcasting
 + Level 8.5 Conjurations
 - Level 0.7 Transmutations
 + Level 10.3 Earth Magic
 + Level 3.6 Evocations


You had 16 spell levels left.
You knew the following spells:

 Your Spells              Type           Power      Damage    Failure   Level
a - Sandblast             Erth           100%       2d20      1%          1
b - Stone Arrow           Conj/Erth      100%       3d13      1%          3
c - Lee's Rapid Deconstr  Erth           26%        3d15*     3%          5
d - Apportation           Tloc           16%        N/A       8%          1

Your spell library contained the following spells:

 Spells                   Type           Power      Damage    Failure   Level
 Static Discharge         Conj/Air       27%        N/A       1%          2
 Passwall                 Tmut/Erth      26%        N/A       1%          2
 Dazzling Flash           Conj/Hex       54%        N/A       4%          3
 Animate Skeleton         Necr           16%        N/A       8%          1
 Corona                   Hex            8%         N/A       8%          1
 Summon Small Mammal      Summ           32%        N/A       8%          1
 Petrify                  Tmut/Erth      32%        N/A       8%          4
 Call Imp                 Summ           8%         N/A       12%         2
 Ensorcelled Hibernation  Hex/Ice        16%        N/A       12%         2
 Call Canine Familiar     Summ           8%         N/A       22%         3
 Confusing Touch          Hex            8%         N/A       22%         3
 Summon Guardian Golem    Hex/Summ       8%         N/A       22%         3
 Tukima's Dance           Hex            8%         N/A       22%         3
 Summon Ice Beast         Ice/Summ       8%         N/A       58%         4
 Summon Lightning Spire   Summ/Air       8%         N/A       58%         4


Dungeon Overview and Level Annotations

Branches:
Dungeon (10/15)            Temple (1/1) D:5            Lair (0/6) D:10
    Orc: D:9-12

Altars:
Ashenzari
Fedhas
Gozag
Hepliaklqana
Kikubaaqudgha
Nemelex Xobeh
Qazlal
Ru
Sif Muna
Uskayaw
Vehumet
Wu Jian
Xom
Yredelemnul
Zin
The Shining One

Shops:
D:1 [   D:4 =   D:5 [


Innate Abilities, Weirdness & Mutations

You are immune to sickness and miasma.
Your stone body is resilient. (AC +8)
You are immune to poison.
You resist negative energy. (rN+)
You are resistant to electric shocks. (rElec)
You are resistant to unholy torment.
You are immune to petrification.


Message History

Unknown command.
Casting: Stone Arrow (safe; 1% risk of failure)
Confirm with . or Enter, or press ? or * to list all spells.
Aiming: Stone Arrow (safe; 1% risk of failure)
Press: ? - help, Shift-Dir - straight line, f/p - boulder beetle
Aim: a boulder beetle (lightly wounded, rolling, 100% to hit)
The stone arrow hits the boulder beetle!!
The boulder beetle is heavily wounded.
The boulder beetle hits you!!!
Ouch! That really hurt!
* * * LOW HITPOINT WARNING * * *
The boulder beetle stops rolling and uncurls.
Unknown command.
You feel very buoyant.
You fly up into the air.
The boulder beetle bites you!
* * * LOW HITPOINT WARNING * * *
Unknown command.
You feel much better. The boulder beetle bites you!
* * * LOW HITPOINT WARNING * * *
You fade into invisibility!
The boulder beetle misses you.
You are very lightly contaminated with residual magic.
Casting: Stone Arrow (safe; 1% risk of failure)
Confirm with . or Enter, or press ? or * to list all spells.
Aiming: Stone Arrow (safe; 1% risk of failure)
Press: ? - help, Shift-Dir - straight line, f/p - boulder beetle
Aim: a boulder beetle (heavily wounded, 100% to hit)
The stone arrow hits the boulder beetle.
The boulder beetle is heavily wounded.
The boulder beetle bites you.
* * * LOW HITPOINT WARNING * * *
Casting: Stone Arrow (safe; 1% risk of failure)
Confirm with . or Enter, or press ? or * to list all spells.
Aiming: Stone Arrow (safe; 1% risk of failure)
Press: ? - help, Shift-Dir - straight line, f/p - boulder beetle
Aim: a boulder beetle (heavily wounded, 100% to hit)
The stone arrow hits the boulder beetle!!
The boulder beetle is almost dead.
The boulder beetle bites you!!
You die...

. #
....#.#########
......B@......#
....#.####.##.#
. # #.##.#
#.##.# #.##.#
#####.##.# #.#
##........####
..#
#.......)....#
#.#
#..###.#####.#


You could see a boulder beetle.

Vanquished Creatures
  Josephine (D:10)
  2 two-headed ogres (D:9)
  A manticore (D:8)
  2 trolls
  Prince Ribbit (D:9)
  3 wyverns
  23 yaks
  6 wraiths
  A shadow (D:9)
  Eustachio (D:6)
  A steam dragon (D:9)
  2 basilisks (D:10)
  An acid dragon (D:9)
  Duvessa (D:6)
  3 water moccasins (D:6)
  A hornet zombie (D:6)
  An orc warrior (D:9)
  An ice beast (D:8)
  5 necrophages (D:5)
  3 sky beasts
  8 centaurs
  3 kobold brigands
  5 bullfrogs
  2 wyvern zombies (D:8)
  2 scorpions
  Dowan (D:6)
  A killer bee (D:10)
  4 wights (D:7)
  A howler monkey (D:8)
  4 centaur zombies
  4 quasits (D:6)
  4 bullfrog zombies
  A human zombie (D:5)
  2 jellies
  6 hounds
  3 orc priests
  2 centaur skeletons
  5 iguanas
  8 orc wizards
  2 killer bee zombies
  A hound zombie (D:5)
  4 mummies (D:5)
  7 gnolls
  3 howler monkey zombies
  8 adders
  2 white imps
  An adder zombie (D:5)
  2 adder skeletons (D:5)
  A worm (D:4)
  The ghost of glosham the Sneak, a weakling DjDe (D:6)
  2 dart slugs
  24 orcs
  11 ball pythons
  3 endoplasms
  6 giant cockroaches
  2 goblins
  5 hobgoblins
  21 kobolds
  A quokka (D:1)
  6 bats
  5 frilled lizards
  7 rats
251 creatures vanquished.

Notes
Turn   | Place    | Note
-------+----------+-------------------------------------------
     0 | D:1      | dkvnfld the Gargoyle Earth Elementalist began the quest for
                  | the Orb.
     0 | D:1      | Reached XP level 1. HP: 10/10 MP: 3/3
   536 | D:1      | Found a faded altar of an unknown god.
   560 | D:1      | Reached skill level 4 in Earth Magic
   560 | D:1      | Reached XP level 2. HP: 15/15 MP: 3/5
   749 | D:1      | Found Wagoj's Armour Shop.
  1139 | D:2      | Reached XP level 3. HP: 15/19 MP: 1/6
  1162 | D:1      | Learned a level 3 spell: Stone Arrow
  1302 | D:1      | Learned a level 1 spell: Apportation
  1657 | D:2      | Reached skill level 1 in Conjurations
  1657 | D:2      | Reached XP level 4. HP: 24/24 MP: 5/8
  2555 | D:3      | Found a shimmering blue altar of Sif Muna.
  2869 | D:3      | Reached skill level 5 in Earth Magic
  2935 | D:4      | Noticed a wyvern
  2941 | D:4      | Killed a wyvern
  2942 | D:4      | Reached XP level 5. HP: 28/28 MP: 4/10
  2942 | D:4      | Reached XP level 6. HP: 32/32 MP: 4/11
  3040 | D:4      | Learned a level 5 spell: Lee's Rapid Deconstruction
  3282 | D:4      | Reached skill level 6 in Earth Magic
  3620 | D:4      | Found Santicod's Jewellery Shoppe.
  3683 | D:4      | Reached XP level 7. HP: 36/36 MP: 8/13
  3893 | D:5      | Entered Level 5 of the Dungeon
  4109 | D:5      | Reached skill level 5 in Spellcasting
  4109 | D:5      | Reached skill level 7 in Earth Magic
  4139 | D:5      | Reached XP level 8. HP: 42/42 MP: 9/15
  4198 | D:5      | Reached skill level 1 in Fighting
  4198 | D:5      | Reached skill level 1 in Armour
  4198 | D:5      | Reached skill level 5 in Conjurations
  4200 | D:5      | Reached skill level 1 in Maces & Flails
  4606 | D:5      | Found a basalt altar of Yredelemnul.
  4714 | D:5      | Found Jaups's Antique Armour Shoppe.
  5085 | D:5      | Reached XP level 9. HP: 49/49 MP: 12/17
  5593 | D:5      | Found a staircase to the Ecumenical Temple.
  5656 | Temple   | Entered the Ecumenical Temple
  5664 | Temple   | Became a worshipper of Vehumet
  5715 | D:5      | Found a hazy altar of Hepliaklqana.
  5717 | D:5      | Found a glowing silver altar of Zin.
  5808 | D:6      | Noticed Eustachio
  5813 | D:6      | Killed Eustachio
  5814 | D:6      | Reached skill level 8 in Earth Magic
  6242 | D:6      | Found a transporter.
  6257 | D:6      | Noticed glosham's ghost (weakling DjDe)
  6275 | D:6      | Found a transporter.
  6281 | D:6      | Noticed Dowan
  6284 | D:6      | Noticed Duvessa
  6295 | D:6      | Killed Duvessa
  6298 | D:6      | Killed Dowan
  6564 | D:6      | Found a shimmering altar of Xom.
  6566 | D:6      | Found a shimmering altar of Xom.
  6567 | D:6      | Found a shimmering altar of Xom.
  6568 | D:6      | Found a shimmering altar of Xom.
  7094 | D:6      | Killed glosham's ghost
  7255 | D:7      | Reached XP level 10. HP: 57/57 MP: 14/19
  7894 | D:7      | Reached * piety under Vehumet
  7894 | D:7      | Offered knowledge of Shock by Vehumet.
  8060 | D:7      | Found a sparkling altar of Nemelex Xobeh.
  8134 | D:8      | Reached skill level 9 in Earth Magic
  8192 | D:8      | Reached skill level 5 in Fighting
  8396 | D:8      | Found an ancient bone altar of Kikubaaqudgha.
  8462 | D:8      | Reached skill level 5 in Armour
  8668 | D:8      | Found a glowing golden altar of the Shining One.
  8726 | D:8      | Noticed a manticore
  8738 | D:8      | Killed a manticore
  8739 | D:8      | Reached skill level 1 in Evocations
  9498 | D:9      | Offered knowledge of Foxfire by Vehumet.
  9500 | D:9      | Reached skill level 5 in Maces & Flails
  9500 | D:9      | Reached XP level 11. HP: 52/64 MP: 21/21
  9598 | D:9      | Noticed Prince Ribbit
  9599 | D:9      | Reached ** piety under Vehumet
  9609 | D:9      | Killed Prince Ribbit
 10172 | D:9      | Noticed a two-headed ogre
 10187 | D:9      | Killed a two-headed ogre
 10188 | D:9      | Reached skill level 5 in Dodging
 10254 | D:9      | Noticed a two-headed ogre
 10261 | D:9      | Killed a two-headed ogre
 11184 | D:10     | Entered Level 10 of the Dungeon
 11199 | D:10     | Noticed Josephine
 11206 | D:10     | Killed Josephine
 11207 | D:10     | Reached skill level 10 in Earth Magic
 11665 | D:10     | Found a staircase to the Lair.
 11836 | D:10     | Offered knowledge of Static Discharge by Vehumet.
 12025 | D:10     | Reached XP level 12. HP: 60/71 MP: 20/23
 12073 | D:10     | Noticed a boulder beetle
 12084 | D:10     | Slain by a boulder beetle

Illustrated notes

Levels and vault maps discovered:
D:1:      lemuel_arrival_room, layout_loops_ring, serial_shops, shop,
          ebering_ecumenical_altar_webs
D:2:      layout_rooms
D:3:      layout_rooms, old_standard_altar
D:4:      layout_loops_ring, serial_glass, glass_columns_a, glass_columns_c,
          serial_shops, nicolae_shop_waterfront, st_stairs_2
D:5:      layout_rooms, lemuel_mausoleum_altar_yredelemnul, minitemple,
          minmay_temple_entry_offerings, serial_shops, shop,
          minmay_divided_ellipse
D:6:      layout_loops_ring, xom_redecorated, gammafunk_ghost_stat_death,
          minivault_19, uniq_duvessa, uniq_eustachio
D:7:      layout_loops_ring, kennysheep_mini_moat
D:8:      layout_basic, amcnicky_altar_gilded, lemuel_doored_altar,
          minmay_diced_spiral
D:9:      kennysheep_blocky_hall, layout_layer_cave, uniq_prince_ribbit1
D:10:     layout_loops_ring, david_lair_generic, enter_trove_2,
          minmay_fractal_squares_gapless_5, uniq_josephine
Temple:   eino_narrow_crystal_temple

Skill      XL: |  1  2  3  4  5  6  7  8  9 10 11 |
---------------+----------------------------------+-----
Earth Magic    | 4 5 6 7 8 9 10 | 10.3
Spellcasting   | 3 4 5 6 7 |  7.8
Conjurations   | 1 3 4 5 6 7 8 |  8.5
Fighting       | 2 4 5 6 |  6.8
Armour         | 2 4 5 6 |  6.0
Maces & Flails | 2 3 5 6 |  6.1
Dodging        | 2 3 4 5 |  5.5
Evocations     | 1 3 |  3.6
Stealth        | |  2.1
Transmutations | |  0.7

Action                   |  1- 3 |  4- 6 |  7- 9 | 10-12 || total
-------------------------+-------+-------+-------+-------++-------
Melee: Unarmed           |    30 |       |       |       ||    30
       Dagger            |    70 |    65 |    64 |       ||   199
       Short sword       |       |       |   170 |     9 ||   179
       Flail             |       |       |       |   166 ||   166
 Cast: Sandblast         |    23 |    35 |   135 |    33 ||   226
       Lee's Rapid Decon |       |       |     5 |    33 ||    38
       Stone Arrow       |       |       |    10 |    31 ||    41
       Apportation       |       |       |     2 |       ||     2
Evoke: Wand              |       |       |       |     3 ||     3
  Use: Scroll            |     1 |     4 |     5 |    12 ||    22
       Potion            |       |     1 |     1 |     3 ||     5
 Stab: Sleeping          |     5 |     1 |     2 |     1 ||     9
Armor: Robe              |    56 |    41 |    61 |       ||   158
       Leather armour    |       |       |    70 |    74 ||   144
       Steam dragon scal |       |       |       |    51 ||    51
Dodge: Dodged            |    72 |    48 |   264 |   201 ||   585

Table legend: (Time is in decaauts)
 A = Elapsed time spent in this place.
 B = Non-inter-level travel time spent in this place.
 C = Inter-level travel time spent in this place.
 D = Time resting spent in this place.
 E = Time spent auto-exploring this place.
 F = Levels seen in this place.
 G = Mean time per level.
                   A        B        C        D        E       F      G
               +--------+--------+--------+--------+--------+-----+--------+
         Total |  12135 |  11887 |    248 |   1229 |   8519 |  11 | 1103.2 |
       Dungeon |  12121 |  11879 |    242 |   1229 |   8519 |  10 | 1212.1 |
        Temple |     14 |      8 |      6 |      0 |      0 |   1 |   14.0 |
               +--------+--------+--------+--------+--------+-----+--------+

Top non-repeatable levels by time:
     D:5: 1904 daAuts
     D:9: 1696 daAuts
     D:8: 1431 daAuts
     D:6: 1425 daAuts
     D:1: 1264 daAuts
     D:4: 1019 daAuts
    D:10: 907 daAuts
     D:7: 862 daAuts
     D:3: 851 daAuts
     D:2: 758 daAuts
  Temple: 14 daAuts
